 Dungeon Crawl Stone Soup version 0.29.0-4-gdea44cf6ec (webtiles) character file.

Game seed: 16027763522499590968

3602 qw the Cleaver (level 10, 0/59 HPs)
             Began as a Tengu Warper on Aug 29, 2022.
             Was a Priest of Okawaru.
             Killed by nerve-wracking pain
             ... invoked by Menkaure
              (14 damage)
             ... on level 7 of the Dungeon.
             The game lasted 00:00:42 (7350 turns).

qw the Cleaver (Tengu Warper)                       Turns: 7350, Time: 00:00:42

Health: 0/59       AC: 24    Str: 16    XL:     10   Next: 10%
Magic:  13/14      EV:  8    Int: 14    God:    Okawaru [***...]
Gold:   282        SH: 12    Dex: 13    Spells: 13/13 levels left

rFire   + . .      SeeInvis +   Y - +2 broad axe
rCold   + . .      Faith    .   c - +1 buckler {rC+ rF+}
rNeg    . . .      Spirit   .   g - +10 plate armour {ponderous}
rPois   .          Reflect  +   (helmet restricted)
rElec   .          Harm     .   (no cloak)
rCorr   .          Rampage  .   (no gloves)
Will    .....                   (boots unavailable)
Stlth   ..........              a - amulet of reflection
HPRegen 0.19/turn               e - ring of see invisible
MPRegen 0.14/turn               (no ring)

@: about to teleport, heroic, flying quickly and evasively
A: beak, talons 3, nimble flight
a: Renounce Religion, Heroism


You were on level 7 of the Dungeon.
You worshipped Okawaru.
Okawaru was most pleased with you.
You visited 2 branches of the dungeon, and saw 8 of its levels.

You collected 304 gold pieces.
You spent 22 gold pieces at shops.


Innate Abilities, Weirdness & Mutations

You have a beak for a mouth.
You have claws for feet.
Your magical nature lets you fly swiftly and evasively.


   Skills:
 - Level 5.0(10.0) Fighting
 + Level 11.7(16.7) Axes
 - Level 3.4(8.4) Throwing
 - Level 5.0(10.0) Armour
 - Level 2.1(7.1) Dodging
 - Level 3.0(8.0) Shields
 - Level 2.0 Spellcasting
 - Level 2.4 Translocations
 - Level 4.1 Invocations


You had 13 spell levels left.
You didn't know any spells.
Your spell library contained the following spells:

 Spells                   Type           Power      Damage    Failure   Level
 Blink                    Tloc           16%        N/A       99%         2
 Gell's Gravitas          Tloc           8%         N/A       100%        3
 Lesser Beckoning         Tloc           8%         N/A       100%        3
 Teleport Other           Tloc           8%         N/A       100%        3
 Manifold Assault         Tloc           8%         N/A       100%        5

Inventory:

Hand Weapons
 j - a +3 war axe of flaming
 Y - a +2 broad axe (weapon)
Missiles
 k - a javelin (quivered)
Armour
 c - a +1 buckler of resistance (worn)
 g - a +10 plate armour of ponderousness (worn)
Jewellery
 a - an amulet of reflection (around neck)
 e - a ring of see invisible (left hand)
Scrolls
 b - 2 scrolls of enchant armour
 h - 9 scrolls of identify
Potions
 i - 2 potions of heal wounds

Dungeon Overview and Level Annotations

Branches:
Dungeon (7/15)             Temple (1/1) D:4

Altars:
Ashenzari
Cheibriados
Dithmenos
Elyvilon
Fedhas
Gozag
Hepliaklqana
Kikubaaqudgha
Makhleb
Nemelex Xobeh
Okawaru
Qazlal
Ru
Sif Muna
Trog
Uskayaw
Vehumet
Wu Jian
Xom
Zin
The Shining One

Shops:
D:1 *

Annotations:
D:3 3 runed translucent doors, qw's ghost, amateur TeWr
D:7 Menkaure


Message History

You start waiting.
Joseph is nearby!
Menkaure, Prince of Dust comes into view.
Joseph zaps a wand.
The puff of flame hits you. You resist.
Menkaure casts a spell.
Menkaure seems to speed up.
7342 ||| INVOKING Heroism.
You gain the combat prowess of a mighty hero.
Joseph closely misses you.
You slash Joseph! You claw Joseph.
Joseph is lightly wounded.
Joseph hits you but does no damage.
You slash Joseph! You claw Joseph, but do no damage.
You peck Joseph, but do no damage.
Joseph is moderately wounded.
Joseph shouts, "At last, some action!"
You block Joseph's attack.
You slash Joseph! You peck Joseph.
Joseph is heavily wounded.
You closely miss Joseph. You claw Joseph.
Joseph is severely wounded.
Joseph zaps a wand.
The puff of flame misses you.
You barely miss Joseph. You peck Joseph.
Joseph is severely wounded.
Joseph zaps a wand.
The puff of flame hits you but does no damage.
Menkaure calls on the powers of darkness!
Joseph convulses!
Your body is wracked with pain!
You slash Joseph!
You kill Joseph!
Okawaru accepts your kill.
You barely miss Menkaure. You claw Menkaure.
Menkaure is moderately damaged.
Menkaure hits you!
7350 ||| READING scroll of teleportation.
As you read the scroll of teleportation, it crumbles to dust.
You feel strangely unstable.
Menkaure points at you and mumbles some strange words.
Pain shoots through your body!
You die...

### ... #. #.# #
#.# #.#
#.#.###.#
#.......#####.#
#.....M.....#
#.##.@#
...####.##..#
#..........#
######.##.##
#.##.#
########.##.####
...............#
..######.##.##.#
#.##.# .#


You could see Menkaure (fast).

Vanquished Creatures
  A two-headed ogre (D:5)
  Pikel (D:5)
  Joseph (D:7)
  Grinder (D:5)
  Edmund (D:4)
  Duvessa (D:4)
  2 orc warriors (D:7)
  3 ice beasts
  A black bear (D:5)
  An ogre (D:5)
  3 centaurs
  3 lemures (D:5)
  Blork the orc (D:4)
  A gnoll sergeant (D:6)
  A scorpion (D:6)
  A necrophage (D:6)
  Dowan (D:4)
  A howler monkey (D:5)
  2 jellies
  A hound (D:5)
  2 orc priests
  5 orc wizards
  7 iguanas
  Ijyb (D:4)
  Natasha (D:3)
  3 gnolls (D:6)
  7 adders
  An ufetubus (D:6)
  A worm (D:2)
  3 dart slugs
  11 orcs
  4 ball pythons
  4 bats
  6 endoplasms
  5 giant cockroaches
  7 goblins
  6 hobgoblins
  6 jackals
  3 quokkas
  4 frilled lizards
  7 kobolds
  8 rats
130 creatures vanquished.

Notes
Turn   | Place    | Note
-------+----------+-------------------------------------------
     0 | D:1      | qw the Tengu Warper began the quest for the Orb.
     0 | D:1      | Reached XP level 1. HP: 12/12 MP: 4/4
     0 | D:1      | 0 ||| qw: Version: 0.1-a-89-g26bdef1
     0 | D:1      | 0 ||| qw: Game counter: 3532
     0 | D:1      | 0 ||| qw: Always use a shield: true
     0 | D:1      | 0 ||| qw: God list: Okawaru
     0 | D:1      | 0 ||| qw: Allow faded altars: false
     0 | D:1      | 0 ||| qw: Do Orc after D:15 true
     0 | D:1      | 0 ||| qw: Do second Lair branch before Depths: true
     0 | D:1      | 0 ||| qw: Lair rune preference: random
     0 | D:1      | 0 ||| qw: Plans: Normal
     0 | D:1      | 0 ||| PLANNING D:1-11
   308 | D:1      | Reached XP level 2. HP: 17/17 MP: 6/6
   311 | D:1      | 311 ||| Stepping ~*~*~tactically~*~*~ (stealth).
   318 | D:1      | Reached skill level 3 in Axes
   333 | D:1      | 333 ||| Stepping ~*~*~tactically~*~*~ (stealth).
   346 | D:1      | 346 ||| Stepping ~*~*~tactically~*~*~ (stealth).
   351 | D:1      | 351 ||| Stepping ~*~*~tactically~*~*~ (stealth).
   364 | D:1      | 364 ||| Stepping ~*~*~tactically~*~*~ (stealth).
   365 | D:1      | 365 ||| Stepping ~*~*~tactically~*~*~ (stealth).
   685 | D:1      | Found Neph's General Store.
   688 | D:1      | Reached XP level 3. HP: 21/21 MP: 7/7
   702 | D:1      | 702 ||| SHOPLISTING +2 hat (176 gold, have 44).
   702 | D:1      | 702 ||| BUYING scroll of identify (22 gold).
   702 | D:1      | Bought a scroll of identify for 22 gold pieces
   720 | D:1      | 720 ||| SWAPPING to +2 war axe of flaming.
   721 | D:1      | 721 ||| DROPPING +0 hand axe.
   722 | D:1      | 722 ||| DROPPING +0 whip.
   757 | D:1      | 757 ||| Stepping ~*~*~tactically~*~*~ (stealth).
   771 | D:1      | Reached skill level 4 in Axes
   859 | D:1      | Found a faded altar of an unknown god.
   899 | D:1      | 899 ||| UPGRADING to +0 scale mail.
   909 | D:1      | 909 ||| DROPPING +0 leather armour.
   910 | D:1      | 910 ||| READING scroll labelled XUEZEA FEKKA.
   911 | D:1      | 911 ||| READING scroll labelled CINIUL HUOTSAI.
  1012 | D:1      | 1012 ||| READING scroll labelled UPSOFY ZOTYST.
  1013 | D:1      | 1013 ||| READING 2 scrolls labelled FUMIC XEZY.
  1014 | D:1      | 1014 ||| READING scroll labelled ORIYSA JAIL.
  1015 | D:1      | 1015 ||| DRINKING 2 fizzy inky potions.
  1041 | D:1      | 1041 ||| READING 3 scrolls of identify.
  1041 | D:1      | 1041 ||| IDENTIFYING fizzy cyan potion
  1042 | D:1      | 1042 ||| DROPPING scroll of blinking.
  1043 | D:1      | 1043 ||| DROPPING potion of lignification.
  1044 | D:1      | 1044 ||| DROPPING scroll of amnesia.
  1329 | D:2      | 1329 ||| Stepping ~*~*~tactically~*~*~ (stealth).
  1335 | D:2      | Reached XP level 4. HP: 26/26 MP: 8/8
  1339 | D:2      | 1339 ||| Stepping ~*~*~tactically~*~*~ (stealth).
  1807 | D:2      | 1807 ||| UPGRADING to +1 buckler of resistance.
  1812 | D:2      | 1812 ||| UPGRADING to +9 plate armour of ponderousness.
  1822 | D:2      | 1822 ||| DROPPING +0 scale mail.
  1823 | D:2      | 1823 ||| READING scroll of enchant armour.
  1823 | D:2      | 1823 ||| ENCHANTING +9 plate armour of ponderousness.
  1824 | D:2      | 1824 ||| READING 3 scrolls labelled RONTOB SOTS.
  1825 | D:2      | 1825 ||| READING scroll labelled ATAACUUZX LOPH.
  1826 | D:2      | 1826 ||| READING 3 scrolls labelled BAOLLE JYT.
  1829 | D:2      | 1829 ||| READING scroll labelled HOFIES NAGH.
  1830 | D:2      | 1830 ||| DRINKING 2 viscous silvery potions.
  1831 | D:2      | 1831 ||| DRINKING 2 viscous emerald potions.
  1832 | D:2      | 1832 ||| READING 4 scrolls of identify.
  1832 | D:2      | 1832 ||| IDENTIFYING bubbling ruby potion
  1833 | D:2      | 1833 ||| DROPPING 2 scrolls of fear.
  1834 | D:2      | 1834 ||| DROPPING potion of flight.
  1835 | D:2      | 1835 ||| DROPPING potion of invisibility.
  2129 | D:3      | Found a runed translucent gate.
  2129 | D:3      | Found a runed translucent gate.
  2129 | D:3      | Found a runed translucent gate.
  2133 | D:3      | Noticed qw's ghost (amateur TeWr)
  2241 | D:3      | 2241 ||| DRINKING potion of curing.
  2241 | D:3      | 2241 ||| (to cure confusion)
  2242 | D:3      | Found an ancient bone altar of Kikubaaqudgha.
  2242 | D:3      | Found a shimmering blue altar of Sif Muna.
  2251 | D:3      | Reached skill level 1 in Shields
  2257 | D:3      | Gained mutation: Your magical nature lets you fly swiftly
                  | and evasively. [Tengu growth]
  2257 | D:3      | Reached XP level 5. HP: 17/30 MP: 9/9
  2268 | D:3      | Reached skill level 5 in Axes
  2383 | D:3      | Found a radiant altar of Vehumet.
  2691 | D:3      | 2691 ||| FLEEEEING.
  2692 | D:3      | 2692 ||| FLEEEEING.
  2693 | D:3      | 2693 ||| FLEEEEING.
  2694 | D:3      | 2694 ||| FLEEEEING.
  2695 | D:3      | 2695 ||| FLEEEEING.
  2696 | D:3      | 2696 ||| FLEEEEING.
  2697 | D:3      | 2697 ||| FLEEEEING.
  2702 | D:3      | 2702 ||| FLEEEEING.
  2703 | D:3      | 2703 ||| FLEEEEING.
  2704 | D:3      | 2704 ||| FLEEEEING.
  2705 | D:3      | 2705 ||| FLEEEEING.
  2706 | D:3      | 2706 ||| FLEEEEING.
  2707 | D:3      | 2707 ||| FLEEEEING.
  2708 | D:3      | 2708 ||| FLEEEEING.
  2709 | D:3      | 2709 ||| FLEEEEING.
  2710 | D:3      | 2710 ||| FLEEEEING.
  2716 | D:3      | 2716 ||| FLEEEEING.
  2717 | D:3      | 2717 ||| FLEEEEING.
  2718 | D:3      | 2718 ||| FLEEEEING.
  2719 | D:3      | 2719 ||| FLEEEEING.
  2720 | D:3      | 2720 ||| FLEEEEING.
  2721 | D:3      | 2721 ||| FLEEEEING.
  2722 | D:3      | 2722 ||| FLEEEEING.
  2723 | D:3      | 2723 ||| FLEEEEING.
  2724 | D:3      | 2724 ||| FLEEEEING.
  2732 | D:3      | 2732 ||| FLEEEEING.
  2733 | D:3      | 2733 ||| FLEEEEING.
  2734 | D:3      | 2734 ||| FLEEEEING.
  2735 | D:3      | 2735 ||| FLEEEEING.
  2736 | D:3      | 2736 ||| FLEEEEING.
  2737 | D:3      | 2737 ||| FLEEEEING.
  2738 | D:3      | 2738 ||| FLEEEEING.
  2739 | D:3      | 2739 ||| FLEEEEING.
  2740 | D:3      | 2740 ||| FLEEEEING.
  2741 | D:3      | 2741 ||| FLEEEEING.
  2742 | D:3      | 2742 ||| FLEEEEING.
  2748 | D:3      | 2748 ||| FLEEEEING.
  2749 | D:3      | 2749 ||| FLEEEEING.
  2750 | D:3      | 2750 ||| FLEEEEING.
  2751 | D:3      | 2751 ||| FLEEEEING.
  2752 | D:3      | 2752 ||| FLEEEEING.
  2753 | D:3      | 2753 ||| FLEEEEING.
  2754 | D:3      | 2754 ||| FLEEEEING.
  2755 | D:3      | 2755 ||| FLEEEEING.
  2761 | D:3      | 2761 ||| FLEEEEING.
  2762 | D:3      | 2762 ||| FLEEEEING.
  2763 | D:3      | 2763 ||| FLEEEEING.
  2764 | D:3      | 2764 ||| FLEEEEING.
  3089 | D:3      | 3089 ||| Stepping ~*~*~tactically~*~*~ (stealth).
  3090 | D:3      | Noticed Natasha
  3091 | D:3      | 3091 ||| Stepping ~*~*~tactically~*~*~ (hiding).
  3096 | D:3      | 3096 ||| Stepping ~*~*~tactically~*~*~ (stealth).
  3101 | D:3      | Killed Natasha
  3299 | D:3      | 3299 ||| UPGRADING to amulet of reflection.
  3327 | D:4      | Noticed Blork the orc
  3330 | D:4      | Killed Blork the orc
  3331 | D:4      | Reached skill level 6 in Axes
  3331 | D:4      | Reached XP level 6. HP: 35/35 MP: 10/10
  3343 | D:4      | Found a staircase to the Ecumenical Temple.
  3344 | D:4      | 3344 ||| PLANNING TEMPLE
  3350 | D:4      | Noticed Duvessa
  3351 | D:4      | Noticed Dowan
  3361 | D:4      | Killed Duvessa
  3362 | D:4      | Reached skill level 7 in Axes
  3369 | D:4      | HP: 3/35 [Dowan/puff of flame (6)]
  3370 | D:4      | 3370 ||| READING 2 scrolls of teleportation.
  3371 | D:4      | 3371 ||| DRINKING potion of heal wounds.
  3372 | D:4      | Killed Dowan
  3513 | D:4      | 3513 ||| Stepping ~*~*~tactically~*~*~ (hiding).
  3515 | D:4      | Noticed Ijyb
  3518 | D:4      | Reached XP level 7. HP: 28/40 MP: 11/11
  3525 | D:4      | Killed Ijyb
  3526 | D:4      | Reached skill level 3 in Armour
  3673 | D:4      | 3673 ||| FLEEEEING.
  3679 | D:4      | 3679 ||| STAIRDANCE
  3814 | Temple   | Entered the Ecumenical Temple
  3912 | Temple   | Became a worshipper of Warmaster Okawaru
  4019 | Temple   | 4019 ||| PLANNING D:1-11
  4202 | D:4      | Found a shimmering altar of Xom.
  4210 | D:4      | 4210 ||| Stepping ~*~*~tactically~*~*~ (stealth).
  4213 | D:4      | 4213 ||| Stepping ~*~*~tactically~*~*~ (stealth).
  4235 | D:4      | 4235 ||| Stepping ~*~*~tactically~*~*~ (stealth).
  4331 | D:4      | Noticed Edmund
  4359 | D:4      | Killed Edmund
  4360 | D:4      | Reached skill level 3 in Fighting
  4709 | D:4      | 4709 ||| READING scroll of teleportation.
  4726 | D:5      | Entered Level 5 of the Dungeon
  4752 | D:5      | Noticed Pikel
  4762 | D:5      | Reached * piety under Okawaru
  4763 | D:5      | 4763 ||| INVOKING Heroism.
  4764 | D:5      | 4764 ||| INVOKING Heroism.
  4768 | D:5      | HP: 6/42 [lemure[Pikel] (5)]
  4770 | D:5      | HP: 2/42 [Pikel/+0 whip of freezing (3)]
  4775 | D:5      | Killed Pikel
  4775 | D:5      | Reached ** piety under Okawaru
  4776 | D:5      | Reached skill level 9 in Axes
  4776 | D:5      | Reached XP level 8. HP: 3/48 MP: 10/12
  4776 | D:5      | 4776 ||| INVOKING Heroism.
  5089 | D:5      | Reached skill level 1 in Invocations
  5093 | D:5      | 5093 ||| INVOKING Heroism.
  5160 | D:5      | 5160 ||| Stepping ~*~*~tactically~*~*~ (stealth).
  5248 | D:5      | 5248 ||| SWAPPING to +0 broad axe.
  5274 | D:5      | Noticed a two-headed ogre
  5275 | D:5      | 5275 ||| INVOKING Heroism.
  5287 | D:5      | Killed a two-headed ogre
  5287 | D:5      | Reached *** piety under Okawaru
  5288 | D:5      | Reached skill level 10 in Axes
  5288 | D:5      | Reached XP level 9. HP: 20/52 MP: 11/13
  5771 | D:5      | Noticed Grinder
  5771 | D:5      | Paralysed by Grinder for 4 turns
  5775 | D:5      | 5775 ||| INVOKING Heroism.
  5778 | D:5      | Paralysed by Grinder for 5 turns
  5783 | D:5      | 5783 ||| FLEEEEING.
  5784 | D:5      | 5784 ||| FLEEEEING.
  5785 | D:5      | 5785 ||| FLEEEEING.
  5862 | D:5      | 5862 ||| Stepping ~*~*~tactically~*~*~ (stealth).
  5888 | D:5      | 5888 ||| INVOKING Heroism.
  5901 | D:5      | Paralysed by Grinder for 2 turns
  5905 | D:5      | Killed Grinder
  5984 | D:5      | 5984 ||| READING 8 scrolls of identify.
  5984 | D:5      | 5984 ||| IDENTIFYING red potion
  5985 | D:5      | 5985 ||| DROPPING potion of degeneration.
  6108 | D:6      | Reached skill level 3 in Shields
  6129 | D:6      | 6129 ||| READING 2 scrolls of enchant weapon.
  6129 | D:6      | 6129 ||| ENCHANTING +0 broad axe.
  6130 | D:6      | 6130 ||| READING scroll of enchant weapon.
  6130 | D:6      | 6130 ||| ENCHANTING +1 broad axe.
  6331 | D:6      | 6331 ||| INVOKING Heroism.
  6332 | D:6      | 6332 ||| Stepping ~*~*~tactically~*~*~ (stealth).
  6347 | D:6      | 6347 ||| Stepping ~*~*~tactically~*~*~ (stealth).
  6348 | D:6      | 6348 ||| Stepping ~*~*~tactically~*~*~ (stealth).
  6366 | D:6      | 6366 ||| INVOKING Heroism.
  6462 | D:6      | 6462 ||| FLEEEEING.
  6463 | D:6      | 6463 ||| FLEEEEING.
  6464 | D:6      | 6464 ||| FLEEEEING.
  6465 | D:6      | 6465 ||| FLEEEEING.
  6845 | D:6      | 6845 ||| UPGRADING to ring of see invisible.
  6846 | D:6      | 6846 ||| READING scroll labelled MONECO OXKICS.
  6880 | D:7      | Found an ornate altar of the Wu Jian Council.
  6881 | D:7      | Found a blossoming altar of Fedhas.
  6881 | D:7      | Found a glowing golden altar of the Shining One.
  6897 | D:7      | Reached skill level 11 in Axes
  6917 | D:7      | 6917 ||| INVOKING Heroism.
  6934 | D:7      | 6934 ||| INVOKING Heroism.
  7223 | D:7      | 7223 ||| INVOKING Heroism.
  7230 | D:7      | Reached skill level 3 in Throwing
  7296 | D:7      | 7296 ||| Stepping ~*~*~tactically~*~*~ (hiding).
  7302 | D:7      | Reached XP level 10. HP: 55/59 MP: 14/14
  7337 | D:7      | Noticed Joseph
  7338 | D:7      | 7338 ||| Stepping ~*~*~tactically~*~*~ (hiding).
  7341 | D:7      | Noticed Menkaure
  7342 | D:7      | 7342 ||| INVOKING Heroism.
  7348 | D:7      | Killed Joseph
  7349 | D:7      | HP: 14/59 [Menkaure (15)]
  7350 | D:7      | 7350 ||| READING scroll of teleportation.
  7350 | D:7      | Killed from afar by Menkaure

Levels and vault maps discovered:
D:1:      matt_arrival_spirals, layout_rooms,
          shapermc_ecumenical_altar_mp_vishouse, serial_shops,
          nicolae_diamond_shop
D:2:      layout_basic, chequers_garden, minmay_octomino_c4
D:3:      layout_basic, palyth_temple_overflow_mages, ebering_ghost_rock_garden,
          uniq_natasha
D:4:      layout_gridville, kennysheep_mini_moat, temple_pool_b, uniq_ijyb,
          uniq_blork_the_orc, uniq_edmund, uniq_duvessa
D:5:      layout_gridville, uniq_grinder, uniq_pikel
D:6:      layout_loops_ring
D:7:      layout_loops_ring, chequers_temple_overflow_statue_of_worship,
          enter_bailey_2, uniq_menkaure, uniq_joseph
Temple:   dpeg_chambers_temple

Skill      XL: |  1  2  3  4  5  6  7  8  9 |
---------------+----------------------------+-----
Axes           | 3 4 6 7 9 10 11 | 11.7
Shields        | 1 2 3 |  3.0
Armour         | 2 3 4 5 |  5.0
Fighting       | 3 4 5 |  5.0
Invocations    | 4 |  4.1
Throwing       | 3 |  3.4
Dodging        | |  2.1
Spellcasting   | |  2.0
Translocations | |  2.4

Action                   |  1- 3 |  4- 6 |  7- 9 | 10-12 || total
-------------------------+-------+-------+-------+-------++-------
Melee: Hand axe          |    29 |       |       |       ||    29
       Peck              |     6 |     9 |    39 |     3 ||    57
       Kick              |     6 |    14 |    71 |     4 ||    95
       War axe           |    20 |    61 |    88 |       ||   169
       Broad axe         |       |       |   103 |     7 ||   110
       Unarmed           |       |       |    14 |       ||    14
Throw: Javelin           |    26 |    15 |    17 |       ||    58
       Boomerang         |     7 |       |       |       ||     7
Invok: Heroism           |       |       |    11 |     1 ||    12
  Use: Scroll            |     6 |     7 |     5 |     1 ||    19
       Potion            |     1 |     4 |       |       ||     5
Armor: Leather armour    |     6 |       |       |       ||     6
       Scale mail        |     4 |     1 |       |       ||     5
       Plate armour      |       |    54 |   130 |     2 ||   186
Dodge: Dodged            |    18 |     9 |    46 |     2 ||    75
Block: Buckler           |       |    14 |   112 |     1 ||   127
       Reflection        |       |     2 |     5 |       ||     7

Table legend:
 A = Non-vault XP
 B = Vault XP
 C = Vault XP percentage of total XP
 D = Non-vault monster count
 E = Vault monster count
 F = Vault count percentage of total count
                 A         B        C        D         E       F
            +---------+---------+-------+---------+---------+-------
      Total |    3185 |    1961 |  38.1 |     107 |      20 |  15.7
            +---------+---------+-------+---------+---------+-------
        D:1 |      50 |       0 |   0.0 |      27 |       0 |   0.0
        D:2 |      28 |      16 |  36.4 |      10 |       8 |  44.4
        D:3 |      61 |     145 |  70.4 |      12 |       4 |  25.0
        D:4 |      87 |     513 |  85.5 |      15 |       5 |  25.0
        D:5 |    1707 |     896 |  34.4 |      18 |       2 |  10.0
        D:6 |     624 |       0 |   0.0 |      14 |       0 |   0.0
        D:7 |     628 |     391 |  38.4 |      11 |       1 |   8.3
            +---------+---------+-------+---------+---------+-------
